 Dungeon Crawl Stone Soup version 0.21.1-1-g345015f (webtiles) character file.

74 Eggbaby the Sneak (level 4, 0/27 HPs)
             Began as an Octopode Wizard on June 20, 2018.
             Slain by an iguana (6 damage)
             ... on level 2 of the Dungeon.
             The game lasted 00:09:09 (1114 turns).

Eggbaby the Sneak (Octopode Wizard)                 Turns: 1114, Time: 00:09:10

Health: 0/27       AC:  2    Str:  6    XL:     4   Next: 28%
Magic:  0/8        EV: 13    Int: 21    God:
Gold:   73         SH:  0    Dex: 10    Spells: 5/9 levels left

rFire    . . .     SeeInvis .   (no weapon)
rCold    . . .     Gourm    .   (no shield)
rNeg     . . .     Faith    .   a - +1 hat
rPois    .         Spirit   .   g - amulet of magic regeneration
rElec    .         Reflect  .   k - ring of loudness (curse)
rCorr    .         Harm     .   (no ring)
MR       .....                  (no ring)
Stlth    +++.......             (no ring)
HPRegen  0.09/turn              (no ring)
MPRegen  0.36/turn              (no ring)
                                (no ring)
                                (no ring)

@: no status effects
A: almost no armour, stealthy swim, amphibious, 8 rings, constrict 8, camouflage
1, gelatinous body 1
a: no special abilities


You were on level 2 of the Dungeon.
You were not hungry.

You visited 1 branch of the dungeon, and saw 2 of its levels.

You collected 73 gold pieces.

Inventory:

Hand Weapons
 f - a +2 short sword of distortion
Armour
 a - a +1 hat (worn)
Jewellery
 g - an amulet of magic regeneration (around mantle)
 k - a cursed ring of loudness (left tentacle)
Potions
 d - 2 potions of haste {unknown}
 i - a potion of curing {unknown}
Books
 b - a book of Minor Magic

   Spells                             Type                      Level
   a - Magic Dart                     Conjuration                  1
   b - Blink                          Translocation                2
   c - Call Imp                       Summoning                    2
   d - Slow                           Hexes                        2
   e - Conjure Flame                  Conjuration/Fire             3
   f - Mephitic Cloud                 Conjuration/Poison/Air       3
Comestibles
 c - 3 rations


   Skills:
 - Level 2.0 Dodging
 - Level 5.0 Stealth
 - Level 3.0 Spellcasting
 * Level 1.9 Conjurations
   Level 1.0 Summonings
   Level 1.0 Translocations
 * Level 1.6 Fire Magic


You had 5 spell levels left.
You knew the following spells:

 Your Spells              Type           Power        Failure   Level  Hunger
a - Magic Dart            Conj           ##..         6%          1    None
b - Conjure Flame         Conj/Fire      ##......     19%         3    ###....


Dungeon Overview and Level Annotations

Branches:
Dungeon (2/15)

Altars:


Innate Abilities, Weirdness & Mutations

You cannot wear most types of armour.
You are very stealthy in the water. (Stealth+)
You are amphibious.
You can wear up to eight rings at the same time.
You can use your tentacles to constrict eight enemies at once.
Your skin changes colour to match your surroundings (Stealth+).
Your rubbery body absorbs attacks. (AC +1, EV +1)


Message History

* * * LOW HITPOINT WARNING * * *
Casting: Magic Dart
Confirm with . or Enter, or press ? or * to list all spells.
Aiming: Magic Dart
Press: ? - help, Shift-Dir - straight line, f/p - iguana
Aim: an iguana (heavily wounded, constricted by you)
The magic dart hits the iguana.
The iguana is severely wounded.
You constrict the iguana.
The rat twitches its whiskers.
The iguana closely misses you.
Casting: Magic Dart
Confirm with . or Enter, or press ? or * to list all spells.
Aiming: Magic Dart
Press: ? - help, Shift-Dir - straight line, f/p - iguana
Aim: an iguana (almost dead, constricted by you)
The magic dart hits the iguana.
The iguana is almost dead.
You constrict the iguana. The iguana bites you.
You die...

#....# # #....# # #....#
# #....# # #..§.# #
#....###############
#..§.§§§§...........
<.#.#.#§################
#>...rl@................
....###.#.###.##.#.#####
### #.#.......<#+#####
#$#...##.........#
#.+....'.........#
###...##.........#
#...##...<.....#
#...##.........#
#...##.........#


You could see an iguana and a rat.

Vanquished Creatures
  2 adders (D:2)
  A worm (D:2)
  5 dart slugs
  3 leopard geckos
  6 bats
  3 giant cockroaches
  2 goblins (D:1)
  3 hobgoblins
  A quokka (D:2)
  6 frilled lizards (D:1)
  4 kobolds (D:1)
  7 rats
43 creatures vanquished.

Notes
Turn   | Place    | Note
-------+----------+-------------------------------------------
     0 | D:1      | Eggbaby the Octopode Wizard began the quest for the Orb.
     0 | D:1      | Reached XP level 1. HP: 11/11 MP: 4/4
    68 | D:1      | Reached skill level 3 in Stealth
   196 | D:1      | Reached XP level 2. HP: 15/17 MP: 0/6
   212 | D:1      | Reached skill level 4 in Stealth
   383 | D:1      | Reached XP level 3. HP: 10/21 MP: 1/7
   408 | D:1      | Reached skill level 5 in Stealth
   414 | D:1      | Learned a level 3 spell: Conjure Flame
   874 | D:2      | Reached skill level 1 in Fire Magic
   894 | D:2      | Reached XP level 4. HP: 13/27 MP: 4/8
   904 | D:2      | Noticed an ogre
  1114 | D:2      | Slain by an iguana

Skill      XL: |  1  2  3 |
---------------+----------+-----
Stealth        | 3 4 5 |  5.0
Fire Magic     | 1 |  1.6
Dodging        | |  2.0
Spellcasting   | |  3.0
Conjurations   | |  1.9
Summonings     | |  1.0
Translocations | |  1.0

Action                   |  1- 3 |  4- 6 || total
-------------------------+-------+-------++-------
Melee: Unarmed           |    83 |    13 ||    96
       Constrict         |    22 |     3 ||    25
       Tentacles         |    19 |     2 ||    21
 Cast: Magic Dart        |    43 |    33 ||    76
  Use: Scroll            |     3 |     2 ||     5
 Stab: Sleeping          |     7 |     1 ||     8
  Eat: Ration            |       |     1 ||     1
Armor: Skin              |    15 |     2 ||    17
Dodge: Dodged            |    59 |     6 ||    65
